 Dungeon Crawl Stone Soup version 0.20-a0-751-g905781e (webtiles) character file.

715 AlphabetPasta the Chopper (level 7, 0/82 HPs)
             Began as a Demonspawn Monk on Feb 25, 2017.
             Was a Priest of Wu Jian.
             Succumbed to a worker ant's poison
             ... on level 5 of the Dungeon.
             The game lasted 00:24:24 (4643 turns).

AlphabetPasta the Chopper (Demonspawn Monk)         Turns: 4643, Time: 00:24:24

Health: 0/82       AC: 23    Str: 13 (14) XL:     7   Next: 41%
Magic:  7/7        EV:  2    Int: 11      God:    Wu Jian [***...]
Gold:   36         SH:  0    Dex: 14 (15) Spells: 6/6 levels left

rFire    . . .     SeeInvis +   k - +0 war axe
rCold    . . .     Gourm    .   (armour currently unavailable)
rNeg     + + +     Faith    .   (no shield)
rPois    +         Spirit   .   (helmet currently unavailable)
rElec    .         Reflect  .   (cloak currently unavailable)
rCorr    .         Harm     .   (gloves currently unavailable)
MR       .....     NoTele   +   (boots currently unavailable)
Stlth    +++.......             (no amulet)
Regen    0.3/turn               n - ring of wizardry
MPRegen  0.1/turn               l - ring of see invisible

@: lethally poisoned (0 -> -7), tree-form, very slightly contaminated
A: (hooves 0), repulsion field 1, see invisible, deterioration 1, nightstalker
1, sense surroundings 1, powered by pain 2
a: Renounce Religion


You were on level 5 of the Dungeon.
You worshipped Wu Jian.
Wu Jian was most pleased with you.
You were not hungry.
You were a tree.
You visited 1 branch of the dungeon, and saw 5 of its levels.

You collected 291 gold pieces.
You spent 255 gold pieces at shops.

Inventory:

Hand Weapons
 a - a +1 hand axe
 k - a +0 war axe (weapon)
 y - a +0 arbalest
Missiles
 g - 32 bolts
Armour
 b - a +0 robe
 o - a +1 chain mail (melded)
Jewellery
 l - a ring of see invisible (left branch)
 n - a ring of wizardry (right branch)
 t - an uncursed amulet of guardian spirit {unknown}
 v - an uncursed amulet of regeneration {unknown}
Scrolls
 f - 3 scrolls of remove curse
 j - a scroll of enchant armour
 p - 2 scrolls of magic mapping
 x - 2 scrolls of enchant weapon
Potions
 e - a potion of flight
 i - a potion of haste
 m - a potion of resistance
 q - a potion of brilliance
 r - a potion of magic {unknown}
 u - a potion of might
 w - a potion of cancellation {unknown}
Comestibles
 c - 10 bread rations
 d - 2 fruits
 s - 2 meat rations


   Skills:
 + Level 4.8 Fighting
 * Level 5.2 Axes
 * Level 0.1 Crossbows
 + Level 2.9 Armour
 + Level 4.4 Dodging
 - Level 1.7 Stealth


You had 6 spell levels left.
You didn't know any spells.

Dungeon Overview and Level Annotations

Branches:
Dungeon (5/15)             Temple (0/1) D:4

Altars:
Nemelex Xobeh
Okawaru
Sif Muna
Wu Jian
Yredelemnul
Zin

Shops:
D:5 !

Annotations:
D:5 Edmund


Innate Abilities, Weirdness & Mutations

((You have large cloven feet.))
You are surrounded by a mild repulsion field. (EV +2)
You are slightly more attuned to the shadows.
You sometimes gain power by taking damage.
You have supernaturally acute eyesight. (SInv)
Your body sometimes deteriorates upon taking damage.
You passively map a small area around you.


Message History

You feel yourself slow down.
The worker ant bites you but does no damage.
You hit the worker ant but do no damage.
The worker ant is moderately wounded.
You feel sick.
The worker ant bites you but does no damage. x2
You completely miss the worker ant.
The worker ant is moderately wounded.
You feel sick.
The worker ant bites you but does no damage.
You hit the worker ant but do no damage.
The worker ant is moderately wounded.
The worker ant bites you.
* * * LOW HITPOINT WARNING * * *
You are more poisoned.
The worker ant poisons you!
The worker ant bites you but does no damage.
You slash the worker ant!
The worker ant is almost dead.
You die...

.....#.# ,
###..).#
.%.....# *.*
###...## .##
##.## ..# #.#
*#.# #.# #.#
#.# #a# #.# #♣#
#.# #.#
#.###########.#
#.............#
###############


You could see a worker ant.

Vanquished Creatures
  Menkaure (D:5)
  2 ogres (D:4)
  A bullfrog skeleton (D:5)
  2 hounds (D:4)
  2 orc priests (D:4)
  An orc wizard (D:5)
  3 worker ants
  A worker ant zombie (D:5)
  4 adders
  An ooze (D:1)
  6 worms
  A dart slug (D:4)
  2 leopard geckos
  14 orcs
  A ball python (D:1)
  5 giant cockroaches
  10 goblins
  11 hobgoblins
  2 jackals (D:1)
  3 quokkas
  7 bats
  3 frilled lizards
  9 kobolds
  6 rats
98 creatures vanquished.

Notes
Turn   | Place    | Note
-------+----------+-------------------------------------------
     0 | D:1      | AlphabetPasta the Demonspawn Monk began the quest for the Orb.
     0 | D:1      | Reached XP level 1. HP: 18/18 MP: 1/1
   216 | D:1      | Gained mutation: You sometimes gain a little power by taking damage. [demonic ancestry]
   216 | D:1      | Reached XP level 2. HP: 12/24 MP: 2/2
   964 | D:2      | Gained mutation: You sometimes gain power by taking damage. [demonic ancestry]
   964 | D:2      | Reached XP level 3. HP: 21/29 MP: 3/3
   994 | D:2      | Reached skill level 3 in Axes
  1256 | D:2      | Found an ornate altar of the Wu Jian Council.
  1260 | D:2      | Found a glowing silver altar of Zin.
  1278 | D:2      | Found a sparkling altar of Nemelex Xobeh.
  1281 | D:2      | Became a worshipper of the Wu Jian Council
  1281 | D:2      | Reached * piety under Wu Jian
  1281 | D:2      | Reached ** piety under Wu Jian
  1467 | D:2      | Reached skill level 1 in Armour
  1663 | D:2      | Found a deep blue altar of Sif Muna.
  1835 | D:3      | Gained mutation: You have large cloven feet. [demonic ancestry]
  1835 | D:3      | Reached XP level 4. HP: 30/37 MP: 4/4
  2163 | D:3      | Found an iron altar of Okawaru.
  2682 | D:4      | Gained mutation: You are slightly more attuned to the shadows. [demonic ancestry]
  2682 | D:4      | Reached XP level 5. HP: 40/42 MP: 5/5
  2690 | D:4      | Noticed an ogre
  2883 | D:4      | Reached skill level 4 in Axes
  2892 | D:4      | HP: 2/42 [ogre/giant club (14)]
  3354 | D:4      | Found a basalt altar of Yredelemnul.
  3407 | D:4      | Noticed an ogre
  3467 | D:4      | Reached XP level 6. HP: 23/48 MP: 6/6
  3477 | D:4      | Reached *** piety under Wu Jian
  3705 | D:4      | Found a staircase to the Ecumenical Temple.
  3801 | D:4      | HP: 1/48 [adder (4)]
  3808 | D:4      | Gained mutation: You are resistant to hostile enchantments. (MR+) [potion of mutation]
  3808 | D:4      | Gained mutation: You are frail. (-10% HP) [potion of mutation]
  3808 | D:4      | Gained mutation: Your flesh is heat resistant. (rF+) [potion of mutation]
  3813 | D:4      | HP: 3/64 [adder (2)]
  3815 | D:4      | HP: 1/64 [poisoned by an adder]
  3821 | D:4      | Lost mutation: You are frail. (-10% HP) [potion of mutation]
  3821 | D:4      | Lost mutation: You are resistant to hostile enchantments. (MR+) [potion of mutation]
  3821 | D:4      | Lost mutation: Your flesh is heat resistant. (rF+) [potion of mutation]
  3821 | D:4      | Gained mutation: Your body sometimes deteriorates upon taking damage. [potion of mutation]
  3821 | D:4      | Gained mutation: You have supernaturally acute eyesight. (SInv) [potion of mutation]
  3821 | D:4      | Gained mutation: You passively map a small area around you. [potion of mutation]
  4178 | D:5      | Entered Level 5 of the Dungeon
  4225 | D:5      | Gained mutation: You are surrounded by a mild repulsion field. (EV +2) [demonic ancestry]
  4225 | D:5      | Reached XP level 7. HP: 37/55 MP: 7/7
  4230 | D:5      | Reached skill level 5 in Axes
  4252 | D:5      | Identified the Volume of Confrontation
  4324 | D:5      | Found Deqahy's Distillery.
  4388 | D:5      | Noticed Menkaure
  4394 | D:5      | Killed Menkaure
  4457 | D:5      | Bought a potion of flight for 45 gold pieces
  4457 | D:5      | Bought a potion of resistance for 150 gold pieces
  4457 | D:5      | Bought a potion of might for 60 gold pieces
  4564 | D:5      | Noticed Edmund
  4640 | D:5      | HP: 4/82 [poisoned by a worker ant]
  4642 | D:5      | HP: 1/82 [worker ant (3)]
  4643 | D:5      | Succumbed to a worker ant's poison

Vault maps used:
D:1:      roderic_octagonal_star, minivault_14, corexii_corridor_pit,
          hangedman_decor_riveting
D:2:      minmay_wonky_spiral, led_sif_pool, grunt_temple_overflow_open
D:3:      okawaru_altar_gauntlet_db
D:4:      kennysheep_little_box, minmay_temple_entry_poolview
D:5:      kennysheep_mini_moat, slow_altar_2, first_bread, serial_shops,
          nicolae_shop_waterfront, supply_closet_lemuel, uniq_menkaure,
          uniq_edmund, uniq_prince_ribbit1

Skill      XL: |  1  2  3  4  5  6  7 |
---------------+----------------------+-----
Dodging        | 3 4 |  4.4
Axes           | 3 4 5 |  5.2
Armour         | 1 2 |  2.9
Fighting       | 4 |  4.8
Crossbows      | |  0.1
Stealth        | |  1.7

Action                   |  1- 3 |  4- 6 |  7- 9 || total
-------------------------+-------+-------+-------++-------
Melee: Hand axe          |    89 |       |       ||    89
       War axe           |    51 |   201 |    54 ||   306
       Kick              |       |    55 |    12 ||    67
  Use: Scroll            |     4 |     3 |     1 ||     8
       Potion            |       |    10 |     2 ||    12
 Stab: Sleeping          |     1 |       |       ||     1
       Distracted        |     1 |       |       ||     1
  Eat: Chunk             |     3 |     6 |     1 ||    10
       Fruit             |       |     2 |     1 ||     3
Armor: Robe              |    16 |       |       ||    16
       Chain mail        |    43 |   119 |    17 ||   179
       Skin              |       |    12 |     5 ||    17
Dodge: Dodged            |    65 |    90 |    17 ||   172
